 Dungeon Crawl Stone Soup version 0.18.1-8-gdd0e5ea (webtiles) character file.

65 Scarto the Skirmisher (level 3, -2/29 HPs)
             Began as a Demonspawn Fighter on May 26, 2016.
             Slain by a gnoll (6 damage)
             ... on level 1 of the Dungeon.
             The game lasted 00:02:06 (1534 turns).

Scarto the Skirmisher (Demonspawn Fighter)          Turns: 1534, Time: 00:02:06

Health: -2/29      AC:  7    Str: 17    XL:     3   Next: 94%
Magic:  3/3        EV:  7    Int:  9    God:
Gold:   106        SH:  9    Dex: 12    Spells: 0 memorised, 2 levels left

rFire  . . .     SeeInvis .     a - +0 war axe
rCold  . . .     Gourm    +     b - +0 scale mail
rNeg   . . .     Faith    .     c - +0 shield
rPois  .         Spirit   .     (no helmet)
rElec  .         Dismiss  .     (no cloak)
rCorr  .         Reflect  .     (no gloves)
SustAt .         Harm     .     (no boots)
MR     .....                    m - amulet of the gourmand
Stlth  ..........               (no ring)
                                (no ring)

@: not resistant to hostile enchantments, extremely unstealthy
A: talons 1, molten scales 1
a: no special abilities


You were on level 1 of the Dungeon.
You were not hungry.

You visited 1 branch of the dungeon, and saw 2 of its levels.

You collected 106 gold pieces.

Inventory:

Hand Weapons
 a - a +0 war axe (weapon)
Missiles
 g - 6 javelins (quivered)
Armour
 b - a +0 scale mail (worn)
 c - a +0 shield (worn)
Jewellery
 m - an amulet of the gourmand (around neck)
Scrolls
 e - a scroll of noise {unknown}
 h - a scroll of blinking {unknown}
 k - a scroll of remove curse {unknown}
 l - a scroll of identify {unknown}
Potions
 d - a potion of might
 j - a potion of haste {unknown}
 n - a potion of curing {unknown}
 o - 2 potions of beneficial mutation {unknown}
 p - a potion of heal wounds {unknown}
Comestibles
 f - a bread ration
 i - a beef jerky


   Skills:
 + Level 3.6 Fighting
 + Level 2.3 Axes
 + Level 3.1 Armour
 + Level 3.2 Shields


You had 2 spell levels left.
You didn't know any spells.

Dungeon Overview and Level Annotations

Branches:
Dungeon (2/15)

Altars:
Nemelex Xobeh


Innate Abilities, Weirdness & Mutations

You have sharp toenails.
You are partially covered in molten scales (AC +1).


Message History

There is a stone staircase leading up here.
The gnoll hits you.
* * * LOW HITPOINT WARNING * * *
You climb upwards.
There is a stone staircase leading down here.
Unknown command.
You barely miss the gnoll. You claw the gnoll, but do no damage.
The gnoll hits you but does no damage.
Your shield and scale mail prevent you from hitting the gnoll.
The gnoll hits you but does no damage. The gnoll barely misses you.
Your shield and scale mail prevent you from hitting the gnoll.
You claw the gnoll, but do no damage. The gnoll hits you.
* * * LOW HITPOINT WARNING * * *
You closely miss the gnoll. You block the gnoll's attack.
The gnoll closely misses you.
Your shield prevents you from hitting the gnoll.
You claw the gnoll, but do no damage. You block the gnoll's attack.
You hit the gnoll but do no damage. You claw the gnoll, but do no damage.
The gnoll hits you.
You die...

######..................#
####..############.# #..# #.#
#..## #.# #...# #.#
##########..[###########.#
#.......##...............#
#........#....###############
####........#...@..............#
..##........#..g........#####.##
..##........#....######.# #.#
..'.........'.........#.# #.#
..####......#....#.##.#.# #.#
..'...###.)......#....#.#####.#
..###.###.####...#.####.....#.#
....#.#.....##...#.#.######.#.#
###.#...#.#.##...#...# #.#.#


You could see a gnoll.

Vanquished Creatures
  A gnoll (D:2)
  2 adders (D:2)
  A dart slug (D:1)
  4 giant cockroaches (D:1)
  5 goblins (D:1)
  6 hobgoblins (D:1)
  4 jackals (D:1)
  A ball python (D:1)
  3 bats (D:1)
  A giant newt (D:1)
  3 kobolds (D:1)
  2 rats (D:1)
33 creatures vanquished.

Notes
Turn   | Place    | Note
--------------------------------------------------------------
     0 | D:1      | Scarto the Demonspawn Fighter began the quest for the Orb.
     0 | D:1      | Reached XP level 1. HP: 18/18 MP: 1/1
   442 | D:1      | Gained mutation: You have sharp toenails. [demonic ancestry]
   442 | D:1      | Reached XP level 2. HP: 24/24 MP: 2/2
   680 | D:1      | Found a sparkling altar of Nemelex Xobeh.
   765 | D:1      | Gained mutation: You are partially covered in molten scales (AC +1). [demonic ancestry]
   765 | D:1      | Reached XP level 3. HP: 19/29 MP: 3/3
  1534 | D:1      | Slain by a gnoll

Skill      XL: |  1  2  3 |
---------------+----------+-----
Axes           | 2 |  2.3
Shields        | 3 |  3.2
Armour         | 3 |  3.1
Fighting       | |  3.6

Action                   || total
-------------------------++-------
Melee: War axe           ||   101
       Kick              ||    16
  Use: Potion            ||     1
  Eat: Chunk             ||     4
Armor: Scale mail        ||    64
Dodge: Dodged            ||    35
Block: Shield            ||    73
